 Dungeon Crawl Stone Soup version 0.26.1-2-gb8aa6d0cf2 (webtiles) character file.

Game seed: 13778620755242549575

613000 Cykl0x the Minotaur Barricade (level 26, -2/250 HPs)
             Began as a Minotaur Fighter on Mar 17, 2021.
             Was the Champion of the Shining One.
             Killed by a royal mummy's death curse (26 damage)
             ... on level 1 of the Tomb of the Ancients.
             The game lasted 02:11:28 (54219 turns).

Cykl0x the Minotaur Barricade (Minotaur Fighter)   Turns: 54219, Time: 02:11:28

Health: -2/250     AC: 37    Str: 31      XL:     26   Next: 29%
Magic:  23/34      EV: 11    Int:  8 (9)  God:    the Shining One [******]
Gold:   3737       SH: 50    Dex: 26      Spells: 25/25 levels left

rFire    + . .     SeeInvis .   L - +9 eudemon blade (holy)
rCold    + + +     Faith    .   N - +3 tower shield
rNeg     + + +     Spirit   .   h - +10 gold dragon scales
rPois    +         Reflect  +   (helmet restricted)
rElec    +         Harm     .   P - +1 cloak "Amyn" {Dex+6 Slay+4}
rCorr    +         Rampage  .   (no gloves)
Will     ++++.     Clarity  +   D - +0 pair of boots "Ecwow" {rElec rC++ Will+++ Dex-2}
Stlth    ..........             a - amulet of reflection
HPRegen  0.51/turn              o - ring of resist corrosion
MPRegen  0.24/turn              S - ring "Gohomiav" {rElec Int+2 Dex+6 Slay+2}

@: divine shield, silence, slowed, glowing, studying 2 skills, very slow
A: retaliatory headbutt, horns 2, thin skeletal structure 1, agile 1, clarity,
clever 1, MP-powered wands
}: 4/15 runes: barnacled, silver, abyssal, gossamer
a: Renounce Religion


You were on level 1 of the Tomb of the Ancients.
You worshipped the Shining One.
The Shining One was exalted by your worship.
You visited 10 branches of the dungeon, and saw 46 of its levels.
You visited the Abyss 1 time.
You also visited: Trove, Bailey, Gauntlet and Ice Cave.

You collected 8824 gold pieces.
You spent 5087 gold pieces at shops.

Inventory:

Hand Weapons
 L - a +9 eudemon blade of holy wrath (weapon)
Missiles
 s - 10 silver boomerangs
 K - 89 boomerangs
 W - 43 javelins
 Y - 75 silver javelins (quivered)
Armour
 h - +10 gold dragon scales (worn)
 D - the +0 pair of boots "Ecwow" (worn) {rElec rC++ Will+++ Dex-2}
   (You found it on level 5 of the Depths)

   It affects your dexterity (-2).
   It greatly protects you from cold.
   It insulates you from electricity.
   It affects your willpower, your defense against some magical effects.
 N - a +3 tower shield (worn)
 P - the +1 cloak "Amyn" (worn) {Dex+6 Slay+4}
   (You found it on level 5 of the Vaults)

   It affects your dexterity (+6).
   It affects your accuracy and damage with ranged weapons and melee attacks
   (+4).
Jewellery
 a - an amulet of reflection (around neck)
 c - an uncursed ring of protection from fire
 g - an uncursed ring of protection from cold
 m - the ring "Wottaschy" {*Contam rPois MP+9 Dex+3 SInv}
   (You found it on level 4 of the Depths)

   [ring of magical power]

   It affects your dexterity (+3).
   It protects you from poison.
   It affects your magic capacity (+9).
   It lets you see invisible.
   It causes magical contamination when unequipped.
 o - a ring of resist corrosion (left hand)
 y - an uncursed ring of flight
 B - an uncursed ring of willpower
 S - the ring "Gohomiav" (right hand) {rElec Int+2 Dex+6 Slay+2}
   (You found it on level 3 of the Depths)

   [ring of dexterity]

   It affects your intelligence (+2).
   It affects your dexterity (+6).
   It affects your accuracy and damage with ranged weapons and melee attacks
   (+2).
   It insulates you from electricity.
 U - an uncursed ring of protection from cold
Wands
 n - a wand of iceblast (92)
 u - a wand of polymorph (25)
 F - a wand of enslavement (33)
 G - a wand of digging (12)
 J - a wand of flame (177)
 M - a wand of paralysis (20)
 R - a wand of acid (36)
 Z - a wand of disintegration (21)
Scrolls
 b - 25 scrolls of identify
 l - 16 scrolls of amnesia
 p - a scroll of enchant armour
 r - 3 scrolls of immolation
 w - 4 scrolls of summoning
 x - 28 scrolls of teleportation
 C - 5 scrolls of magic mapping
 E - 8 scrolls of blinking
 H - 19 scrolls of remove curse
 Q - 6 scrolls of fog
 T - 3 scrolls of silence
Potions
 d - 7 potions of might
 e - 7 potions of ambrosia
 f - 21 potions of curing
 i - 5 potions of heal wounds
 j - 4 potions of resistance
 k - 3 potions of magic
 q - a potion of cancellation
 t - 9 potions of haste
 v - 4 potions of mutation
 I - 3 potions of flight
 O - 8 potions of brilliance
 X - 5 potions of berserk rage
Books
 z - a manual of Throwing
 A - a manual of Armour


   Skills:
 + Level 23.1 Fighting
 + Level 24.9 Long Blades
 + Level 13.1 Throwing
 + Level 20.0 Armour
 + Level 4.6 Dodging
 O Level 27 Shields
 + Level 17.0 Invocations
 + Level 1.4 Evocations


You had 25 spell levels left.
You didn't know any spells.
Your spell library contained the following spells:

 Spells                   Type           Power        Failure   Level
 Animate Skeleton         Necr           0%           99%         1
 Apportation              Tloc           0%           99%         1
 Beastly Appendage        Tmut           0%           99%         1
 Corona                   Hex            0%           99%         1
 Freeze                   Ice            0%           99%         1
 Magic Dart               Conj           0%           99%         1
 Sandblast                Erth           0%           99%         1
 Shock                    Conj/Air       0%           99%         1
 Summon Small Mammal      Summ           0%           99%         1
 Corpse Rot               Necr/Air       N/A          99%         2
 Ensorcelled Hibernation  Hex/Ice        0%           99%         2
 Passwall                 Tmut/Erth      0%           99%         2
 Searing Ray              Conj           0%           99%         2
 Slow                     Hex            0%           99%         2
 Sublimation of Blood     Necr           0%           99%         2
 Swiftness                Air            0%           99%         2
 Wereblood                Tmut           0%           99%         2
 Confusing Touch          Hex            0%           100%        3
 Dazzling Flash           Conj/Hex       0%           100%        3
 Frozen Ramparts          Ice            0%           100%        3
 Inner Flame              Hex/Fire       0%           100%        3
 Ozocubu's Armour         Ice            0%           100%        3
 Portal Projectile        Hex/Tloc       0%           100%        3
 Spider Form              Tmut/Pois      0%           100%        3
 Static Discharge         Conj/Air       0%           100%        3
 Stone Arrow              Conj/Erth      0%           100%        3
 Teleport Other           Tloc           0%           100%        3
 Tukima's Dance           Hex            0%           100%        3
 Airstrike                Air            0%           100%        4
 Cause Fear               Hex            0%           100%        4
 Dispel Undead            Necr           0%           100%        4
 Fulminant Prism          Conj/Hex       0%           100%        4
 Hailstorm                Conj/Ice       0%           100%        4
 Ice Form                 Ice/Tmut       0%           100%        4
 Iskenderun's Mystic Bla  Conj/Tloc      0%           100%        4
 Leda's Liquefaction      Hex/Erth       0%           100%        4
 Petrify                  Tmut/Erth      0%           100%        4
 Summon Ice Beast         Ice/Summ       0%           100%        4
 Agony                    Necr           0%           100%        5
 Alistair's Intoxication  Tmut/Pois      0%           100%        5
 Blade Hands              Tmut           0%           100%        5
 Bolt of Magma            Conj/Fire/Erth 0%           100%        5
 Borgnjor's Vile Clutch   Necr/Erth      0%           100%        5
 Excruciating Wounds      Necr           0%           100%        5
 Iskenderun's Battlesphe  Conj           0%           100%        5
 Lee's Rapid Deconstruct  Erth           0%           100%        5
 Lightning Bolt           Conj/Air       0%           100%        5
 Metabolic Englaciation   Hex/Ice        0%           100%        5
 Silence                  Hex/Air        0%           100%        5
 Summon Demon             Summ           0%           100%        5
 Summon Forest            Summ/Tloc      0%           100%        5
 Summon Mana Viper        Hex/Summ       0%           100%        5
 Yara's Violent Unravell  Hex/Tmut       0%           100%        5
 Invisibility             Hex            0%           100%        6
 Iron Shot                Conj/Erth      0%           100%        6
 Shadow Creatures         Summ           N/A          100%        6
 Statue Form              Tmut/Erth      0%           100%        6
 Haunt                    Necr/Summ      0%           100%        7
 Malign Gateway           Summ/Tloc      0%           100%        7
 Monstrous Menagerie      Summ           0%           100%        7
 Orb of Destruction       Conj           0%           100%        7
 Spellforged Servitor     Conj/Summ      0%           100%        7
 Summon Greater Demon     Summ           0%           100%        7
 Summon Hydra             Summ           0%           100%        7
 Borgnjor's Revivificati  Necr           0%           100%        8
 Discord                  Hex            0%           100%        8
 Infestation              Necr           0%           100%        8
 Necromutation            Tmut/Necr      0%           100%        8
 Summon Horrible Things   Summ           0%           100%        8
 Death's Door             Necr           0%           100%        9


Dungeon Overview and Level Annotations

Branches:
Dungeon (15/15)            Temple (1/1) D:4            Lair (6/6) D:9
 Shoals (4/4) Lair:4       Spider (4/4) Lair:4        Slime (0/5) Lair:6
    Orc (2/2) D:11            Elf (0/3) Orc:2        Vaults (5/5) D:14
  Crypt (3/3) Vaults:2       Tomb (1/3) Crypt:3      Depths (5/5) D:15
    Zot (0/5) Depths:5     Bailey (visited)           IceCv (visited)
Gauntlet (visited)

Altars:
Ashenzari
Cheibriados
Dithmenos
Elyvilon
Fedhas
Gozag
Hepliaklqana
Kikubaaqudgha
Makhleb
Nemelex Xobeh
Okawaru
Ru
Sif Muna
Trog
Uskayaw
Vehumet
Wu Jian
Zin
The Shining One
Beogh
Jiyva

Shops:
D:5 [   D:8 *   Orc:1 ?   Orc:2 [}?:   Shoals:3 (*   Vaults:1 [   Vaults:2 ?
Vaults:3 =([(   Vaults:4 *   Vaults:5 :}==!?(*   Depths:2 =?

Portals:
Hell: Depths:1 Depths:2 Depths:3 Depths:4 Depths:5
Abyss: Depths:1 Depths:4
Pandemonium: Depths:5
Ziggurat: Depths:5

Annotations:
D:10 exclusion: ice statue
Depths:3 1 transporter


Innate Abilities, Weirdness & Mutations

You reflexively headbutt those who attack you in melee.
You have a pair of horns on your head.
You have a somewhat thin skeletal structure. (Dex +2, Stealth)
You are agile. (Dex +2)
You possess an exceptional clarity of mind.
Your mind is acute. (Int +2)
You expend magic power (3 MP) to strengthen your wands.


Message History

The royal mummy is severely damaged.
You feel sick.
You are no longer poisoned.
Your angel hits the royal mummy with a +2 whip of holy wrath!!
The royal mummy convulses!!
Your angel hits the royal mummy but does no damage.
You block the royal mummy's attack.
Your daeva calls down the wrath of the Shining One upon the royal mummy.
The royal mummy is smitten.
The necrophage misses your angel.
You block the iron dragon skeleton's attack. x3
The wight hits your angel with a +2 dagger of draining.
Your angel hits the royal mummy with a +2 whip of holy wrath!!
The royal mummy is destroyed!
The Shining One accepts your kill.
The wight disappears in a puff of smoke!
The necrophage disappears in a puff of smoke!
The iron dragon skeleton disappears in a puff of smoke!
You feel extremely nervous for a moment...
Pain shoots through your body!!
You die...

#.......# #.8..L8.#
#.......# #.......#
#.8...8.# #...§§..#
#...A.§.# #.8.A@8.#
#.......# #....$..#
#.8...8.#
#......$##############
.......$................
....8...8...............
..........(.............
..................[.....


You could see a revenant, a friendly daeva (summoned) and a friendly angel
(summoned).

Vanquished Creatures
  5 ancient liches
  The ghost of Pylinediqi the Slayer, a legendary TrMo of Gozag (Depths:5)
  A juggernaut (Depths:4)
  The ghost of Waig the Intangible, a veteran MfCj of Hepliaklqana (Depths:5)
  Saint Roka (Depths:1)
  Xtahua (Vaults:2)
  5 caustic shrikes (Depths:4)
  5 golden dragons
  Nikola (Shoals:3)
  Jory (Vaults:5)
  Arachne (Spider:2)
  3 tentacled monstrosities (Vaults:5)
  7 titans
  10 liches
  Rupert (D:12)
  Asterion (Spider:2)
  A quicksilver dragon (Vaults:5)
  An Executioner (Abyss:3)
  A tentacled starspawn (Abyss:3)
  A kraken (Shoals:4)
  Polyphemus (Shoals:3)
  9 sphinxes
  3 ancient champions
  4 shadow dragons
  7 tengu reavers
  A draconian monk (Abyss:3)
  5 storm dragons
  Agnes (Spider:2)
  The ghost of Qescho Poith the Warrior, a journeyman MiFi of Trog (Depths:5)
  The ghost of Nuqinleag the Devastator, an adept GrEE of Vehumet (Spider:3)
  8 fire giants
  6 frost giants
  A draconian knight (Abyss:3)
  2 cacodemons
  2 deep elf sorcerers
  4 ghost moths
  16 vault wardens
  An iron dragon (Depths:5)
  3 curse skulls
  Aizul (Depths:2)
  5 emperor scorpions
  Louise (Shoals:1)
  4 reapers (Crypt:3)
  7 ghouls
  A deep elf elementalist (Vaults:5)
  An orc warlord (Bailey)
  11 ironheart preservers
  9 very ugly things
  A caustic shrike skeleton (Crypt:2)
  20 stone giants
  A spriggan defender (Depths:4)
  4 draconian annihilators
  5 vampire knights
  A green draconian (Depths:5)
  2 war gargoyles (Vaults:5)
  A deep elf demonologist (Vaults:5)
  4 entropy weavers
  2 black draconians (Depths:5)
  A lorocyproca (Abyss:3)
  2 deep elf annihilators (Depths:2)
  A yellow draconian (Depths:5)
  A minotaur (Gauntlet)
  3 purple draconians (Depths:5)
  7 merfolk javelineers
  13 spark wasps
  11 ettins
  11 eidola
  A blizzard demon (Abyss:3)
  8 deep elf death magi
  8 jiangshi
  6 merfolk impalers
  2 crystal guardians
  14 fire dragons
  4 mummy priests
  A quicksilver dragon zombie (Crypt:3)
  A naga warrior (Abyss:3)
  8 great orbs of eyes
  4 deep elf high priests
  15 yaktaur captains
  10 hydras
  Erolcha (Orc:2)
  2 rakshasas
  3 spriggan air magi
  32 vault guards
  Erica (Lair:2)
  5 ice dragons
  3 catoblepae
  8 boulder beetles
  27 two-headed ogres
  A tengu warrior (D:15)
  4 merfolk avatars
  A dancing weapon (Vaults:5)
  9 ogre magi
  5 death knights
  4 satyrs
  4 merfolk aquamancers
  6 centaur warriors
  9 death yaks
  6 vampire magi
  A death scarab (Gauntlet)
  10 deep troll shamans
  6 deep troll earth magi
  A thrashing horror (Abyss:3)
  2 spriggan berserkers
  6 orc high priests
  12 soul eaters
  4 deep elf knights
  A titan skeleton (Crypt:3)
  5 iron trolls (Depths:3)
  5 hell knights
  A spatial maelstrom (Abyss:3)
  26 skeletal warriors
  3 storm dragon skeletons
  4 wretched stars (Abyss:3)
  16 sea snakes
  3 unseen horrors (D:15)
  A shadow demon (Abyss:3)
  4 shadow wraiths
  A death drake (shapeshifter) (Depths:2)
  A glowing orange brain (Depths:3)
  6 wizards
  A death drake (Abyss:3)
  A deep troll (shapeshifter) (Depths:4)
  22 deep trolls
  5 flayed ghosts
  An anaconda zombie (Crypt:3)
  6 deep elf archers
  2 shadow dragon zombies
  An obsidian statue (Vaults:2)
  2 orange crystal statues
  6 large abominations (Abyss:3)
  14 harpies
  A bog body (Crypt:2)
  17 orb spiders
  22 ironbrand convokers
  16 phantasmal warriors
  3 oklob plants
  14 orc knights
  20 necromancers
  71 ugly things
  8 cyclopes
  A worldbinder (Abyss:3)
  11 fauns
  5 orc sorcerers
  4 stone giant zombies
  A wolf spider zombie (Crypt:3)
  13 deep elf magi
  39 wolf spiders
  3 frost giant zombies
  17 manticores
  A tengu skeleton (Depths:4)
  2 fire giant zombies
  4 draconians (Abyss:3)
  A fire giant skeleton (Vaults:4)
  2 iron dragon skeletons (Crypt:3)
  A manticore (shapeshifter) (Depths:5)
  3 centaur zombies
  3 frost giant skeletons
  34 elephants
  3 moths of wrath
  7 merfolk sirens
  3 ice statues (IceCv)
  A guardian serpent (Abyss:3)
  9 vault sentinels
  2 water nymphs
  A naga mage (Abyss:3)
  3 stone giant skeletons
  4 black mambas
  A dire elephant zombie (Crypt:3)
  Maurice (D:8)
  Psyche (D:8)
  A water nymph (shapeshifter) (Vaults:3)
  A black mamba (shapeshifter) (Vaults:1)
  An emperor scorpion zombie (Crypt:1)
  A titan simulacrum (Crypt:1)
  4 torpor snails
  2 smoke demons (Abyss:3)
  16 cane toads
  A dire elephant skeleton (Crypt:2)
  An efreet (Abyss:3)
  5 rime drakes
  A red draconian zombie (Crypt:1)
  A catoblepas zombie (Crypt:3)
  A yaktaur zombie (Vaults:2)
  A golden dragon simulacrum (Depths:4)
  2 hellions (Abyss:3)
  16 demonic crawlers
  3 guardian mummies
  A kobold demonologist (Abyss:3)
  17 komodo dragons
  67 yaktaurs
  2 hydra zombies
  6 freezing wraiths
  13 hellwings (Crypt:3)
  6 tengu conjurers
  A harpy zombie (D:15)
  9 ice devils (IceCv)
  An alligator snapping turtle skeleton (Crypt:2)
  A human skeleton (Vaults:4)
  A silent spectre (Depths:2)
  A queen bee (shapeshifter) (Vaults:3)
  A jumping spider (shapeshifter) (Depths:3)
  44 jumping spiders
  5 polar bears
  A polar bear (shapeshifter) (Vaults:2)
  7 trolls
  26 merfolk
  A meliai (shapeshifter) (Vaults:1)
  3 meliai (D:15)
  8 wind drakes
  22 hornets
  2 hydra skeletons (Crypt:3)
  A troll (shapeshifter) (Depths:4)
  24 blink frogs
  3 hornets (shapeshifter)
  A stone giant simulacrum (Vaults:2)
  8 raiju
  2 ice dragon zombies (Crypt:3)
  29 slime creatures
  A slime creature (shapeshifter) (Vaults:5)
  A frost giant simulacrum (Vaults:4)
  An alligator zombie (Crypt:3)
  7 dream sheep
  9 snapping turtles
  A raiju (shapeshifter) (Depths:4)
  2 ettin zombies
  3 centaur simulacra
  7 flying skulls
  A ynoxinul (Abyss:3)
  8 starcursed masses (Abyss:3)
  A spriggan (Lair:3)
  14 wraiths
  82 redbacks
  2 black mamba zombies
  8 wyverns
  2 basilisks
  2 ettin skeletons
  A vampire (D:13)
  An elf simulacrum (Depths:4)
  33 yaks
  17 water elementals
  Grum (D:8)
  2 hogs (shapeshifter)
  A golden eye (shapeshifter) (Depths:1)
  7 ushabtiu
  A black mamba skeleton (Abyss:3)
  3 neqoxecs (Abyss:3)
  25 tarantellas
  A yaktaur simulacrum (Vaults:4)
  A chaos spawn (Abyss:3)
  A spectral cane toad (Gauntlet)
  A spatial vortex (Abyss:3)
  5 wargs
  3 nagas (Abyss:3)
  2 acid dragons
  A soldier ant (D:12)
  22 water moccasins
  3 small abominations (Abyss:3)
  Duvessa (D:7)
  2 water moccasins (shapeshifter)
  A hydra simulacrum (Crypt:1)
  5 floating eyes (Depths:3)
  A floating eye (shapeshifter) (Depths:1)
  5 hell hounds (Abyss:3)
  A meliai simulacrum (D:15)
  38 orc warriors
  4 ice beasts
  8 sky beasts
  3 black bears
  A hornet zombie (D:14)
  6 necrophages
  2 ettin simulacra
  An eye of draining (shapeshifter) (Vaults:3)
  7 phantoms
  A human zombie (Vaults:2)
  24 ogres
  4 boggarts (Vaults:3)
  13 centaurs
  15 wolves
  17 bullfrogs
  A salamander skeleton (Crypt:1)
  8 wyvern skeletons
  4 scorpions
  Dowan (D:7)
  An orc simulacrum (Vaults:1)
  A troll zombie (Crypt:3)
  A yak zombie (Crypt:1)
  4 wights
  6 howler monkeys
  5 electric eels
  2 lava snakes (D:14)
  A draconian simulacrum (IceCv)
  2 human simulacra
  9 jellies
  40 orc priests
  11 hounds
  25 orc wizards
  Crazy Yiuf (D:7)
  4 centaur skeletons
  2 iron imps
  2 bullfrog skeletons (D:5)
  A gnoll shaman (D:10)
  17 iguanas
  Natasha (twice) (D:4)
  4 hell rats (Lair:1)
  11 worker ants
  4 troll simulacra (IceCv)
  2 hound zombies
  A mummy (Crypt:3)
  3 ogre simulacra (IceCv)
  12 gnolls
  16 adders
  A naga simulacrum (IceCv)
  2 shadow imps
  3 white imps
  3 oozes
  5 ufetubi
  2 adder zombies
  4 dart slugs
  6 worms
  12 leopard geckos
  152 orcs
  8 giant cockroaches
  26 goblins
  26 hobgoblins
  2 jackals (D:1)
  8 kobolds
  6 quokkas
  2 ball pythons
  12 bats
  10 frilled lizards
  A frilled lizard skeleton (Crypt:2)
  A goblin zombie (Crypt:2)
  A leopard gecko zombie (Crypt:1)
  10 rats
  2 crawling corpses (Crypt:3)
  A tentacle (Shoals:4)
  3 withered plants (Crypt:3)
2331 creatures vanquished.

Vanquished Creatures (collateral kills)
  A royal mummy (Tomb:1)
  Margery (Vaults:5)
  A lich (Tomb:1)
  A tentacled monstrosity (Vaults:5)
  A quicksilver dragon (shapeshifter) (Vaults:5)
  A draconian monk (Depths:5)
  An emperor scorpion (Spider:2)
  A deep elf elementalist (Vaults:5)
  2 deep elf annihilators (Vaults:5)
  A green draconian (Depths:5)
  An entropy weaver (Spider:2)
  2 spark wasps (Depths:5)
  An ettin (Depths:5)
  A mummy priest (Tomb:1)
  An ice dragon (Depths:5)
  A two-headed ogre (Vaults:5)
  A centaur warrior (Vaults:2)
  2 deep troll earth magi (Depths:5)
  A tengu warrior (Depths:5)
  2 hell knights (Vaults:5)
  A fire crab (shapeshifter) (Depths:5)
  2 deep trolls
  A sea snake (Shoals:4)
  2 ironbrand convokers
  A deep elf mage (Vaults:5)
  A manticore (Shoals:4)
  A vault sentinel (Vaults:5)
  2 demonic crawlers (Spider:2)
  A jumping spider (Spider:2)
  3 guardian mummies (Tomb:1)
  A wind drake (Shoals:4)
  A troll (Vaults:5)
  2 water elementals (Shoals:4)
  3 redbacks (Spider:2)
  An orc warrior (Vaults:5)
47 creatures vanquished.

Vanquished Creatures (others)
  A great orb of eyes (Abyss:3)
  A merfolk aquamancer (Shoals:4)
  An ugly thing (D:15)
  2 raiju (Abyss:3)
  2 merfolk (Shoals:4)
  A snapping turtle (Shoals:4)
  A wraith (Abyss:3)
  A large abomination (Abyss:3)
  A human (Depths:2)
  A demonic plant (Gauntlet)
  27 fungi
  2 lurking horrors (Abyss:3)
  218 plants
  2 starspawn tentacles (Abyss:3)
  11 tentacles (Shoals:4)
  13 withered plants (Crypt:3)
285 creatures vanquished.

Grand Total: 2663 creatures vanquished

Notes
Turn   | Place    | Note
-------+----------+-------------------------------------------
     0 | D:1      | Cykl0x the Minotaur Fighter began the quest for the Orb.
     0 | D:1      | Reached XP level 1. HP: 19/19 MP: 0/0
   164 | D:1      | You fall into a shaft and drop 1 floor!
   175 | D:2      | Reached XP level 2. HP: 27/27 MP: 1/1
   405 | D:1      | Reached skill level 1 in Dodging
   661 | D:1      | Reached XP level 3. HP: 25/33 MP: 2/2
  1442 | D:2      | Noticed a phantom
  1455 | D:2      | Reached skill level 4 in Shields
  1480 | D:2      | Killed a phantom
  1481 | D:2      | Reached skill level 1 in Throwing
  1481 | D:2      | Reached XP level 4. HP: 7/40 MP: 3/3
  1481 | D:2      | Reached XP level 5. HP: 8/46 MP: 4/4
  1930 | D:2      | Found an ancient bone altar of Kikubaaqudgha.
  2340 | D:2      | Found a shadowy altar of Dithmenos.
  2350 | D:2      | Found a snail-covered altar of Cheibriados.
  2353 | D:2      | Found a shimmering blue altar of Sif Muna.
  2483 | D:2      | Found a white marble altar of Elyvilon.
  2530 | D:2      | Became a worshipper of Elyvilon the Healer
  2598 | D:2      | Found a blossoming altar of Fedhas.
  2669 | D:3      | Found an ornate altar of the Wu Jian Council.
  3093 | D:3      | Reached * piety under Elyvilon
  3360 | D:3      | Reached skill level 1 in Invocations
  3408 | D:3      | Reached XP level 6. HP: 53/53 MP: 5/5
  3707 | D:3      | Noticed an ice beast
  3713 | D:3      | Killed an ice beast
  3885 | D:4      | Reached skill level 5 in Armour
  3887 | D:4      | Found a staircase to the Ecumenical Temple.
  3897 | Temple   | Entered the Ecumenical Temple
  3948 | Temple   | Fell from the grace of Elyvilon
  3948 | Temple   | Became a worshipper of the Shining One
  4089 | D:4      | Reached skill level 5 in Shields
  4241 | D:4      | Reached skill level 5 in Long Blades
  4241 | D:4      | Reached XP level 7. HP: 60/60 MP: 7/7
  4321 | D:4      | Found a broken altar of Ashenzari.
  4321 | D:4      | Noticed Natasha
  4329 | D:4      | Killed Natasha
  4338 | D:4      | Found an iron altar of Okawaru.
  4633 | D:4      | Noticed Natasha
  4647 | D:4      | Killed Natasha
  4759 | D:5      | Entered Level 5 of the Dungeon
  4781 | D:5      | Reached skill level 5 in Fighting
  4934 | D:5      | Found Niwu Neo's Armour Emporium.
  5109 | D:5      | Reached XP level 8. HP: 68/68 MP: 9/9
  5516 | D:5      | Found a burning altar of Makhleb.
  5567 | D:5      | Reached * piety under the Shining One
  5568 | D:5      | Reached skill level 6 in Shields
  6714 | D:7      | Found a hide-covered altar of Uskayaw.
  6848 | D:7      | Found a sparkling altar of Nemelex Xobeh.
  6990 | D:7      | Noticed a moth of wrath
  6993 | D:7      | Found a bloodstained altar of Trog.
  7133 | D:7      | Noticed Dowan
  7135 | D:7      | Noticed Duvessa
  7139 | D:7      | Killed Dowan
  7157 | D:7      | Killed Duvessa
  7251 | D:7      | Found a runed translucent door.
  7252 | D:7      | Noticed Crazy Yiuf
  7261 | D:7      | Killed Crazy Yiuf
  7583 | D:8      | Noticed Grum
  7592 | D:8      | Reached XP level 9. HP: 60/75 MP: 6/11
  7605 | D:8      | Killed Grum
  7799 | D:8      | Noticed Psyche
  7811 | D:8      | Killed Psyche
  7812 | D:8      | Reached skill level 5 in Invocations
  7821 | D:8      | Reached ** piety under the Shining One
  8061 | D:8      | Reached skill level 7 in Shields
  8332 | D:8      | Found Garuleyg's Assorted Antiques.
  8341 | D:8      | Bought a tower shield for 108 gold pieces
  8392 | D:8      | Noticed Maurice
  8410 | D:8      | Killed Maurice
  8449 | D:8      | Reached skill level 10 in Long Blades
  8459 | D:8      | Bought a fizzy amethyst potion for 21 gold pieces
  8459 | D:8      | Bought a tubular steel ring for 120 gold pieces
  8459 | D:8      | Bought a scroll of identify for 48 gold pieces
  8882 | D:9      | Found a flagged portal.
  8925 | Bailey   | Entered a bailey
  9017 | Bailey   | Reached XP level 10. HP: 84/84 MP: 9/13
  9065 | Bailey   | Noticed an orc knight
  9080 | Bailey   | Killed an orc knight
  9186 | Bailey   | Noticed an orc knight
  9186 | Bailey   | Noticed an orc warlord
  9187 | Bailey   | Noticed an orc knight
  9207 | Bailey   | Killed an orc knight
  9208 | Bailey   | Reached skill level 8 in Shields
  9224 | Bailey   | Killed an orc warlord
  9227 | Bailey   | Killed an orc knight
  9240 | Bailey   | Reached skill level 9 in Shields
  9263 | Bailey   | Identified the Handbook of the Hidden Lovers
  9275 | Bailey   | Identified 2 scrolls of acquirement
  9275 | Bailey   | Acquired the ring "Iraghuut" {rElec rN+ Will+ Str+4 Int-2}
  9278 | Bailey   | Acquired the +12 crystal plate armour of Ocsur {Slay+3}
  9446 | D:9      | Found a glowing golden altar of the Shining One.
  9495 | D:9      | Found a staircase to the Lair.
  9512 | D:9      | Reached XP level 11. HP: 91/92 MP: 13/15
 10168 | D:10     | Entered Level 10 of the Dungeon
 10361 | D:10     | Noticed a two-headed ogre
 10369 | D:10     | Killed a two-headed ogre
 10401 | D:10     | Noticed a two-headed ogre
 10407 | D:10     | Killed a two-headed ogre
 11307 | D:11     | Reached skill level 10 in Shields
 11307 | D:11     | Noticed a two-headed ogre
 11311 | D:11     | Noticed a white ugly thing
 11317 | D:11     | Killed a two-headed ogre
 11339 | D:11     | Killed a white ugly thing
 11356 | D:11     | Reached *** piety under the Shining One
 11433 | D:11     | You fall into a shaft and drop 3 floors!
 11436 | D:14     | Noticed a brown ugly thing
 11436 | D:14     | Noticed a brown ugly thing
 11437 | D:14     | Noticed a brown ugly thing
 11440 | D:14     | Noticed a brown ugly thing
 11518 | D:13     | Noticed a boulder beetle
 11529 | D:13     | Killed a boulder beetle
 11552 | D:13     | Reached XP level 12. HP: 103/103 MP: 17/17
 11626 | D:13     | Found a gate leading to a gauntlet.
 11632 | D:13     | Noticed a rakshasa
 11643 | D:13     | Killed a rakshasa
 11644 | D:13     | Reached skill level 11 in Shields
 11659 | Gauntlet | Entered a Gauntlet
 11659 | Gauntlet | Found a transporter.
 11659 | Gauntlet | Noticed a death scarab
 11666 | Gauntlet | Found a transporter.
 11669 | Gauntlet | Found a transporter.
 11680 | Gauntlet | Found a transporter.
 11683 | Gauntlet | Found a transporter.
 11685 | Gauntlet | Found the +2 Maxwell's thermic engine {flame, freeze}
 11685 | Gauntlet | Noticed a cacodemon
 11692 | Gauntlet | Found a runed translucent door.
 11695 | Gauntlet | Found a transporter.
 11707 | Gauntlet | Found a runed translucent door.
 11709 | Gauntlet | Found a transporter.
 11711 | Gauntlet | Found a runed translucent door.
 11716 | Gauntlet | Noticed a hell beast
 11719 | Gauntlet | Found a transporter.
 11740 | Gauntlet | Found a transporter.
 11767 | Gauntlet | Noticed a reaper
 11770 | Gauntlet | Found a transporter.
 11770 | Gauntlet | Reached **** piety under the Shining One
 11776 | Gauntlet | Found a transporter.
 11778 | Gauntlet | Found a transporter.
 11780 | Gauntlet | Found a transporter.
 11816 | Gauntlet | Found a transporter.
 11872 | Gauntlet | Killed a death scarab
 11958 | Gauntlet | Killed a cacodemon
 11969 | Gauntlet | Got a steaming marble ring
 11973 | Gauntlet | Identified the ring of Uce Yphull {Wiz Will+ Str+5 Dex-5
                  | Stlth+} (You found it in a Gauntlet)
 11975 | Gauntlet | Got a pair of ichor-stained gloves
 11980 | Gauntlet | Identified the +1 pair of gloves of a bazaar {Will++ Regen+
                  | Str+2 Int-5} (You found it in a Gauntlet)
 11980 | Gauntlet | Lost intelligence.
 11998 | Gauntlet | Noticed a minotaur
 12006 | Gauntlet | Killed a minotaur
 12018 | Gauntlet | Identified Sif Muna's Volume of Malediction
 12021 | Gauntlet | Identified the Handbook of Earthen Envenoming
 12025 | Gauntlet | Got heavily runed steam dragon scales
 12061 | D:13     | Identified the +0 steam dragon scales "Voetye" {rF- rC+
                  | Will+ Str+5} (You found it in a Gauntlet)
 12410 | D:11     | Found a staircase to the Orcish Mines.
 12415 | D:11     | Found a roughly hewn altar of Beogh.
 12686 | D:11     | Found a sparkling altar of Nemelex Xobeh.
 13023 | D:12     | Noticed a boulder beetle
 13041 | D:12     | Killed a boulder beetle
 13052 | D:12     | Reached skill level 12 in Shields
 13066 | D:12     | Noticed Rupert
 13078 | D:12     | Killed Rupert
 13157 | D:12     | Reached XP level 13. HP: 108/111 MP: 19/19
 14387 | D:14     | Reached ***** piety under the Shining One
 14390 | D:14     | Reached skill level 15 in Long Blades
 14390 | D:14     | Reached skill level 10 in Invocations
 14398 | D:14     | Reached skill level 5 in Throwing
 14409 | D:14     | Reached skill level 10 in Armour
 14557 | D:14     | Found a gate to the Vaults.
 14573 | D:14     | Reached skill level 10 in Fighting
 14793 | D:14     | Acquired the +3 crown of Dyrovepreva {rElec Int+2 SInv}
 14794 | D:14     | Found the +3 crown of Dyrovepreva {rElec Int+2 SInv}
 14960 | D:14     | Found a sacrificial altar of Ru.
 15175 | D:15     | Entered Level 15 of the Dungeon
 15201 | D:15     | Noticed an ettin
 15215 | D:15     | Killed an ettin
 15220 | D:15     | Reached skill level 13 in Shields
 15563 | D:15     | Found a staircase to the Depths.
 15570 | D:15     | Reached XP level 14. HP: 122/122 MP: 21/21
 16229 | Lair:1   | Entered Level 1 of the Lair of Beasts
 17609 | Lair:2   | Noticed Erica
 17615 | Lair:2   | Killed Erica
 17793 | Lair:2   | Reached skill level 14 in Shields
 19167 | Lair:4   | Reached XP level 15. HP: 132/132 MP: 22/22
 19334 | Lair:4   | Found a hole to the Spider Nest.
 19367 | Lair:4   | Found a staircase to the Shoals.
 20004 | Lair:5   | Found a frozen archway.
 20014 | IceCv    | Entered an ice cave
 20033 | IceCv    | Reached ****** piety under the Shining One
 20410 | Lair:5   | Reached skill level 1 in Evocations
 20664 | Lair:5   | Reached skill level 15 in Shields
 20675 | Lair:5   | Got a coiled silver ring
 20677 | Lair:5   | Identified the ring "Ammeomap" {Fire rElec Will- Stlth+}
                  | (You found it on level 5 of the Lair of Beasts)
 20996 | Lair:6   | Entered Level 6 of the Lair of Beasts
 20996 | Lair:6   | Found a runed translucent door.
 20996 | Lair:6   | Found a viscous altar of Jiyva.
 20996 | Lair:6   | Found a staircase to the Slime Pits.
 21375 | Lair:6   | Reached XP level 16. HP: 144/144 MP: 24/24
 21741 | Lair:6   | Got a distressingly furry cloak
 21751 | Lair:6   | Identified the +3 cloak "Qawigg" {Int+2} (You found it on
                  | level 6 of the Lair of Beasts)
 22154 | Orc:1    | Entered Level 1 of the Orcish Mines
 22194 | Orc:1    | Found Lemus's Magic Scroll Boutique.
 22485 | Orc:2    | Entered Level 2 of the Orcish Mines
 22542 | Orc:2    | Noticed Erolcha
 22550 | Orc:2    | Killed Erolcha
 22784 | Orc:2    | Found Paimux's Gadget Shoppe.
 22787 | Orc:2    | Gained mutation: Your magical capacity is low. (-10% MP) [a
                  | neqoxec]
 22789 | Orc:2    | Gained mutation: Armour fits poorly on your strangely
                  | shaped body. [a neqoxec]
 22791 | Orc:2    | Lost intelligence.
 22791 | Orc:2    | Gained mutation: You are dopey. (Int -2) [a neqoxec]
 22793 | Orc:2    | Gained mutation: You tend to lose your temper in combat. [a
                  | neqoxec]
 22796 | Orc:2    | Found Keroan's Antique Armour Shop.
 22843 | Orc:2    | Lost mutation: Your magical capacity is low. (-10% MP)
                  | [potion of mutation]
 22843 | Orc:2    | Lost mutation: You tend to lose your temper in combat.
                  | [potion of mutation]
 22843 | Orc:2    | Lost mutation: You are dopey. (Int -2) [potion of mutation]
 22843 | Orc:2    | Lost mutation: Armour fits poorly on your strangely shaped
                  | body. [potion of mutation]
 22843 | Orc:2    | Gained mutation: You can translocate small distances at
                  | will. [potion of mutation]
 22843 | Orc:2    | Gained mutation: Scrolls take you a little longer to read.
                  | [potion of mutation]
 22843 | Orc:2    | Gained mutation: You are robust. (+10% HP) [potion of
                  | mutation]
 22843 | Orc:2    | Gained mutation: Your system is resistant to poisons.
                  | (rPois) [potion of mutation]
 23001 | Orc:2    | Found a staircase to the Elven Halls.
 23067 | Orc:2    | Found Wanwu's Magic Scroll Shop.
 23067 | Orc:2    | Found Potoses's Book Shoppe.
 23219 | Orc:2    | Found a roughly hewn altar of Beogh.
 23669 | Orc:2    | Reached skill level 16 in Shields
 23924 | Spider:1 | Entered Level 1 of the Spider Nest
 24446 | Spider:2 | Noticed Arachne
 24473 | Spider:2 | Killed Arachne
 24768 | Spider:2 | Reached skill level 17 in Shields
 24778 | Spider:2 | Noticed Agnes
 24841 | Spider:2 | Killed Agnes
 24979 | Spider:2 | Identified Salecekh's Tome of Dusty Dislocation
 24987 | Spider:2 | Noticed Asterion
 24991 | Spider:2 | Noticed an Executioner
 24998 | Spider:2 | Killed Asterion
 25188 | Spider:2 | Reached XP level 17. HP: 169/169 MP: 26/26
 25537 | Spider:3 | Found a runed translucent door.
 25537 | Spider:3 | Noticed Nuqinleag's ghost (adept GrEE)
 25552 | Spider:3 | Killed Nuqinleag's ghost
 25558 | Spider:3 | Got a translucent falchion
 25558 | Spider:3 | Identified the cursed +0 falchion of Noon {elec, rPois
                  | Str-5 Int+3} (You found it on level 3 of the Spider Nest)
 26059 | Spider:3 | Acquired an uncursed amulet of reflection
 26177 | Spider:3 | Found a transporter.
 26177 | Spider:3 | Found a transporter.
 26555 | Spider:4 | Entered Level 4 of the Spider Nest
 26615 | Spider:4 | Reached skill level 18 in Shields
 26906 | Spider:4 | Reached skill level 15 in Fighting
 27609 | Spider:4 | Got a gossamer rune of Zot
 28035 | Vaults:1 | Entered Level 1 of the Vaults
 28062 | Vaults:1 | Found Usizuari's Armour Shop.
 28354 | Vaults:1 | Reached XP level 18. HP: 179/179 MP: 27/27
 28359 | Vaults:1 | Reached skill level 19 in Shields
 29519 | Vaults:2 | Reached XP level 19. HP: 189/189 MP: 29/29
 29912 | Vaults:2 | Found Onusen's Magic Scroll Emporium.
 30073 | Vaults:2 | Noticed Xtahua
 30087 | Vaults:2 | Killed Xtahua
 30329 | Vaults:2 | Found a staircase to the Crypt.
 30778 | Vaults:2 | Reached skill level 20 in Shields
 31269 | Vaults:3 | Reached skill level 15 in Invocations
 31498 | Vaults:3 | Found Yxuol's Jewellery Shoppe.
 31508 | Vaults:3 | Found Lionun's Gadget Shop.
 31539 | Vaults:3 | Reached XP level 20. HP: 200/200 MP: 30/30
 31654 | Vaults:3 | Found Xili Niaje's Weapon Shop.
 31700 | Vaults:3 | Found Cetsid's Weapon Emporium.
 31772 | Vaults:3 | Found Fissenaq's Armour Shop.
 32627 | Vaults:4 | Found Peloq's General Store.
 33023 | Vaults:4 | Found a portal to a secret trove of treasure.
 33254 | Vaults:4 | Reached skill level 21 in Shields
 33968 | Vaults:5 | Entered Level 5 of the Vaults
 33969 | Vaults:5 | Noticed an ancient lich
 34044 | Vaults:5 | Killed an ancient lich
 34045 | Vaults:5 | Reached XP level 21. HP: 121/212 MP: 31/31
 34089 | Vaults:5 | Reached skill level 22 in Shields
 34410 | Vaults:5 | Found Fytwuexti's Antique Weapon Shoppe.
 34482 | Vaults:5 | Found Ylekafi's Jewellery Boutique.
 34497 | Vaults:5 | Found Yczyusil's Gadget Shoppe.
 34502 | Vaults:5 | Found Geasudet's Jewellery Shoppe.
 34502 | Vaults:5 | Noticed a golden dragon
 34514 | Vaults:5 | Killed a golden dragon
 34986 | Vaults:5 | Found Qoizist's Book Boutique.
 35053 | Vaults:5 | Found Qemyaq's Distillery.
 35065 | Vaults:5 | HP: 7/214 [titan/the air (24)]
 35066 | Vaults:5 | Reached skill level 23 in Shields
 35138 | Vaults:5 | HP: 9/214 [fire giant/bolt of fire (23)]
 35596 | Vaults:5 | Bought 3 potions of heal wounds for 195 gold pieces
 35596 | Vaults:5 | Bought a potion of curing for 39 gold pieces
 35604 | Vaults:5 | Found Nidintetz's Magic Scroll Shop.
 35613 | Vaults:5 | Bought a scroll of acquirement for 1092 gold pieces
 35774 | Vaults:5 | Noticed an ancient lich
 35783 | Vaults:5 | Killed an ancient lich
 35784 | Vaults:5 | Reached XP level 22. HP: 224/224 MP: 32/32
 35883 | Vaults:5 | Noticed Jory
 35899 | Vaults:5 | Killed Jory
 35993 | Vaults:5 | Noticed Margery
 36004 | Vaults:5 | Killed Margery
 36011 | Vaults:5 | Noticed a golden dragon
 36011 | Vaults:5 | a fire giant changed into a golden dragon
 36012 | Vaults:5 | a golden dragon changed into an iron giant
 36044 | Vaults:5 | Identified a +9 eudemon blade of holy wrath (a +7 demon
                  | blade blessed by the Shining One)
 36044 | Vaults:5 | Received a gift from the Shining One
 36097 | Vaults:5 | Got a silver rune of Zot
 36232 | Vaults:5 | Got a blackened cloak
 36242 | Vaults:5 | Identified the +1 cloak "Amyn" {Dex+6 Slay+4} (You found it
                  | on level 5 of the Vaults)
 36245 | Vaults:5 | Found Maes's Assorted Antiques.
 36362 | Vaults:5 | Noticed a golden dragon
 36374 | Vaults:5 | Killed a golden dragon
 36768 | Vaults:4 | Bought a scroll of enchant armour for 120 gold pieces
 36811 | Vaults:2 | Bought a scroll of enchant armour for 120 gold pieces
 36989 | Orc:1    | Bought a scroll of enchant armour for 120 gold pieces
 36989 | Orc:1    | Bought a scroll of enchant armour for 120 gold pieces
 36989 | Orc:1    | Bought a scroll of enchant armour for 120 gold pieces
 37150 | Shoals:1 | Entered Level 1 of the Shoals
 37442 | Shoals:1 | Reached skill level 15 in Armour
 37815 | Shoals:1 | Noticed Louise
 37845 | Shoals:1 | Killed Louise
 38372 | Shoals:2 | Reached skill level 10 in Throwing
 39405 | Shoals:3 | Found Heish's Weapon Shop.
 39471 | Shoals:3 | Noticed Polyphemus
 39471 | Shoals:3 | Noticed Nikola
 39506 | Shoals:3 | Killed Polyphemus
 39507 | Shoals:3 | Reached skill level 24 in Shields
 39542 | Shoals:3 | Killed Nikola
 39666 | Shoals:3 | Found Dazauck's General Store.
 39945 | Shoals:4 | Entered Level 4 of the Shoals
 40905 | Shoals:4 | Identified the amulet "Qoisk" {RegenMP +Fly rN+ Int-4 SInv}
                  | (You found it on level 4 of the Shoals)
 41017 | Shoals:4 | Got a barnacled rune of Zot
 41606 | Crypt:1  | Entered Level 1 of the Crypt
 41686 | Vaults:5 | Bought a manual of Armour for 1876 gold pieces
 41804 | Crypt:1  | Reached XP level 23. HP: 234/234 MP: 34/34
 43332 | Crypt:3  | Entered Level 3 of the Crypt
 43595 | Crypt:3  | Found an ancient bone altar of Kikubaaqudgha.
 43770 | Crypt:3  | Found the +9 sword of Zonguldrok {reap}
 43774 | Crypt:3  | Noticed an ancient lich
 43781 | Crypt:3  | Killed an ancient lich
 43782 | Crypt:3  | Reached skill level 25 in Shields
 44159 | Crypt:3  | Found a staircase to the Tomb.
 45119 | Crypt:3  | Got a wavering turquoise ring
 45119 | Crypt:3  | Got a smoking wooden ring
 45124 | Crypt:3  | Identified the ring "Idaikhobb" {rC+ rN+} (You found it on
                  | level 3 of the Crypt)
 45126 | Crypt:3  | Identified the ring of Pessimism {rC+ rN+ Dex+2} (You found
                  | it on level 3 of the Crypt)
 45450 | Depths:1 | Entered Level 1 of the Depths
 45575 | Depths:1 | Reached XP level 24. HP: 201/247 MP: 34/34
 45592 | Depths:1 | Found a one-way gate to the infinite horrors of the Abyss.
 45634 | Depths:1 | Noticed Saint Roka
 45667 | Depths:1 | Killed Saint Roka
 45669 | Depths:1 | Paralysed by a floating eye for 3 turns
 45680 | Depths:1 | Paralysed by a great orb of eyes for 5 turns
 45685 | Depths:1 | HP: 12/248 [orc warrior/+0 scimitar[Saint Roka] (1)]
 45687 | Depths:1 | HP: 5/248 [spark wasp (5)]
 46555 | Depths:1 | Found a gateway to Hell.
 47129 | Depths:2 | Found Tipae's Jewellery Shoppe.
 47191 | Depths:2 | Found Qanydgh's Magic Scroll Emporium.
 47197 | Depths:2 | Bought a scroll of acquirement for 988 gold pieces
 47400 | Vaults:4 | You paid a toll of 2 scrolls of acquirement to enter a
                  | treasure trove
 47401 | Trove    | Entered a treasure trove
 47966 | Depths:2 | Cast into level 3 of the Abyss (a lich)
 48043 | Abyss:3  | Reached skill level 26 in Shields
 48136 | Abyss:3  | Lost intelligence.
 48170 | Abyss:3  | Gained mutation: Potions are less effective at restoring
                  | your health. [a neqoxec]
 48174 | Abyss:3  | Lost mutation: Your system is resistant to poisons. (rPois)
                  | [potion of mutation]
 48174 | Abyss:3  | Lost mutation: You are robust. (+10% HP) [potion of
                  | mutation]
 48174 | Abyss:3  | Lost mutation: Scrolls take you much longer to read.
                  | [potion of mutation]
 48174 | Abyss:3  | Lost mutation: Potions are less effective at restoring your
                  | health. [potion of mutation]
 48174 | Abyss:3  | Gained mutation: You are extremely frail. (-30% HP) [potion
                  | of mutation]
 48174 | Abyss:3  | Lost mutation: You can translocate small distances at will.
                  | [potion of mutation]
 48174 | Abyss:3  | Gained mutation: You are dopey. (Int -2) [potion of
                  | mutation]
 48174 | Abyss:3  | Lost mutation: You are dopey. (Int -2) [potion of mutation]
 48428 | Abyss:3  | Lost mutation: You are frail. (-10% HP) [potion of
                  | mutation]
 48428 | Abyss:3  | Gained mutation: You are robust. (+10% HP) [potion of
                  | mutation]
 48428 | Abyss:3  | Gained mutation: You are strong-willed. (Will+) [potion of
                  | mutation]
 48428 | Abyss:3  | Gained mutation: You are dopey. (Int -2) [potion of
                  | mutation]
 48428 | Abyss:3  | Gained mutation: Your spells are a little harder to cast,
                  | but a little more powerful. [potion of mutation]
 48528 | Abyss:3  | Lost intelligence.
 48536 | Abyss:3  | Lost mutation: Your spells are a little harder to cast, but
                  | a little more powerful. [potion of mutation]
 48536 | Abyss:3  | Lost mutation: You are robust. (+10% HP) [potion of
                  | mutation]
 48536 | Abyss:3  | Lost mutation: You are very dopey. (Int -4) [potion of
                  | mutation]
 48536 | Abyss:3  | Lost mutation: You are strong-willed. (Will+) [potion of
                  | mutation]
 48536 | Abyss:3  | Gained mutation: Your mind is acute. (Int +2) [potion of
                  | mutation]
 48536 | Abyss:3  | Gained mutation: Your muscles are strong. (Str +2) [potion
                  | of mutation]
 48536 | Abyss:3  | Gained mutation: You expend magic power (3 MP) to
                  | strengthen your wands. [potion of mutation]
 48584 | Abyss:3  | Gained mutation: Your muscles are very strong. (Str +4) [a
                  | neqoxec]
 48586 | Abyss:3  | Gained mutation: You are frail. (-10% HP) [a neqoxec]
 48607 | Abyss:3  | Found a transporter.
 48678 | Abyss:3  | Found a transporter.
 48678 | Abyss:3  | Noticed an ancient lich
 48680 | Abyss:3  | Killed an ancient lich
 48706 | Abyss:3  | Found a transporter.
 48708 | Abyss:3  | Got an abyssal rune of Zot
 48729 | Depths:2 | Escaped the Abyss
 48899 | Depths:2 | Found a runed door.
 48924 | Depths:2 | Noticed an ancient lich
 48929 | Depths:2 | Killed an ancient lich
 49013 | Depths:2 | Got a smoking marble ring
 49014 | Depths:2 | Identified the ring of Moral Flaws {+Inv rF+ Int+3 Stlth+}
                  | (You found it on level 2 of the Depths)
 49016 | Depths:2 | Identified the +2 pair of boots of Tedwim {-Tele +Inv rPois
                  | rF+} (You found it on level 2 of the Depths)
 49482 | Depths:2 | Reached XP level 25. HP: 210/212 MP: 34/34
 49642 | Depths:2 | Noticed Aizul
 49658 | Depths:2 | Killed Aizul
 50166 | Depths:3 | Paralysed by a floating eye for 2 turns
 50228 | Depths:3 | Got a crude turquoise ring
 50230 | Depths:3 | Identified the ring "Gohomiav" {rElec Int+2 Dex+6 Slay+2}
                  | (You found it on level 3 of the Depths)
 50458 | Depths:3 | Paralysed by a floating eye for 4 turns
 50464 | Depths:3 | Reached skill level 27 in Shields
 50580 | Depths:3 | Found a sacrificial altar of Ru.
 50724 | Depths:3 | Got a bound iron ring
 50726 | Depths:3 | Identified the ring "Kohimuyta" {rF+ Int+6} (You found it
                  | on level 3 of the Depths)
 50783 | Depths:3 | Paralysed by a floating eye for 4 turns
 50797 | Depths:3 | Found a transporter.
 50895 | Depths:3 | You fall into a shaft and drop 2 floors!
 50895 | Depths:5 | Entered Level 5 of the Depths
 51136 | Depths:4 | Noticed a juggernaut
 51201 | Depths:4 | Lost mutation: Your muscles are very strong. (Str +4)
                  | [potion of mutation]
 51201 | Depths:4 | Lost mutation: You are frail. (-10% HP) [potion of
                  | mutation]
 51201 | Depths:4 | Gained mutation: You possess an exceptional clarity of
                  | mind. [potion of mutation]
 51201 | Depths:4 | Gained mutation: You are agile. (Dex +2) [potion of
                  | mutation]
 51201 | Depths:4 | Gained mutation: You have a somewhat thin skeletal
                  | structure. (Dex +2, Stealth) [potion of mutation]
 51222 | Depths:4 | Killed a juggernaut
 51461 | Depths:4 | Got a clouded jade ring
 51489 | Depths:4 | Got a pair of spiked boots
 51499 | Depths:4 | Identified the +0 pair of boots "Wamib" {rElec Int+2} (You
                  | found it on level 4 of the Depths)
 51517 | Depths:4 | Identified the ring "Wottaschy" {*Contam rPois MP+9 Dex+3
                  | SInv} (You found it on level 4 of the Depths)
 51522 | Depths:4 | Lost mutation: Your muscles are strong. (Str +2) [mutagenic
                  | glow]
 52225 | Depths:5 | Paralysed by a great orb of eyes for 6 turns
 52240 | Depths:5 | Found a one-way gate leading to the halls of Pandemonium.
 52259 | Depths:5 | Found a gateway to a ziggurat.
 52310 | Depths:5 | Got a pair of heavily runed boots
 52320 | Depths:5 | Identified the +0 pair of boots "Ecwow" {rElec rC++ Will+++
                  | Dex-2} (You found it on level 5 of the Depths)
 52361 | Depths:5 | Identified the cursed +0 tower shield "Dulongi" {rCorr
                  | Int+5 Slay+2}
 52452 | Depths:5 | Found a gate to the Realm of Zot.
 52524 | Depths:5 | Reached XP level 26. HP: 197/248 MP: 34/34
 53165 | Depths:5 | Found a runed translucent gate.
 53165 | Depths:5 | Found a runed translucent gate.
 53169 | Depths:5 | Found a runed translucent gate.
 53169 | Depths:5 | Noticed Waig's ghost (veteran MfCj)
 53169 | Depths:5 | Noticed Qescho Poith's ghost (journeyman MiFi)
 53170 | Depths:5 | Noticed Pylinediqi's ghost (legendary TrMo)
 53191 | Depths:5 | Killed Pylinediqi's ghost
 53199 | Depths:5 | Killed Qescho Poith's ghost
 53203 | Depths:5 | Killed Waig's ghost
 54071 | Tomb:1   | Entered Level 1 of the Tomb of the Ancients
 54213 | Tomb:1   | Noticed a royal mummy
 54219 | Tomb:1   | Killed a royal mummy
 54219 | Tomb:1   | Killed by a royal mummy's death curse

Illustrated notes

Levels and vault maps discovered:
D:1:      ncdulo_smallfort, layout_loops_ring, chequers_serial_rivers_small_3
D:2:      layout_basic, kiku_gazebo_pond_becter, lemuel_round_altar, minitemple,
          fedhas_altar_4, minmay_pentomino_s2
D:3:      minmay_skewed_foursquare, layout_loops_ring, lemuel_crystal_altar
D:4:      layout_basic, cheibrodos_ashenzari_chains, okawaru_metal_pillars_1_2,
          minmay_temple_entry_glass, kennysheep_nondescript, uniq_natasha
D:5:      layout_rooms, makhleb_blood_cavern_becter, serial_shops,
          nicolae_shop_competitors_out_of_business, hex_medium,
          chequers_serial_rivers_small_b, minmay_manual_maat
D:6:      layout_cave_pods
D:7:      layout_loops_ring, old_standard_altar, basic_altar, tgw_trog,
          uniq_crazy_yiuf_cottage, uniq_duvessa
D:8:      layout_basic, serial_shops, nicolae_shop_stone, uniq_grum,
          uniq_psyche, uniq_maurice
D:9:      layout_stronghold, due_lair_maze_entry_diamond, enter_bailey_1,
          basic_altar
D:10:     lemuel_ice_statue, layout_basic
D:11:     layout_rooms, minmay_orc_entry_temple_small, grunt_decor_resistance,
          nemelex_diamond_rough_becter
D:12:     layout_stronghold, uniq_rupert
D:13:     layout_loops_ring, gauntlet_entry_generic, serial_rivers,
          chequers_serial_rivers_small_a, chequers_serial_rivers_small_b,
          chequers_serial_rivers_large_b, chequers_serial_rivers_room_b
D:14:     layout_small_grid, david_vaults_5, nicolae_ru_the_path_less_chosen,
          disabler_island
D:15:     hangedman_depths_entry_civil_slaughter, layout_cave_pools,
          minivault_27
Temple:   jpeg_temple_alley_garden
Lair:1:   lemuel_reptile_caves, layout_regular_city, infiniplex_staircase_pool_2
Lair:2:   layout_roguey, chequers_serial_rivers_micro_b, grunt_megastairs_1,
          uniq_erica
Lair:3:   layout_gridlike, minivault_27, nicolae_quartered_pool_medium,
          grunt_forest_large_clearing_hut
Lair:4:   layout_small_grid, minmay_shoals_entry_beasts, spider_nest_entry_a
Lair:5:   nzn_winding_woodlands_medium [nzn_winding_woodlands_5x5_checkerboard,
          nzn_winding_woodlands_5x15_jagged,
          nzn_winding_woodlands_5x5_closed_star,
          nzn_winding_woodlands_5x5_open_star,
          nzn_winding_woodlands_center_pierced_h,
          nzn_winding_woodlands_hourglass, nzn_winding_woodlands_5x5_perimeter,
          nzn_winding_woodlands_5x15_twine, nzn_winding_woodlands_5x5_three],
          layout_hall_layers, portal_ice_cave_entry_pillars_2,
          beast_lair_carwin_5
Lair:6:   gammafunk_lair_ancient_temple, layout_gridlike, slime_altar_2
Shoals:1: layout_shoals, nicolae_shoals_cliffside_cave, lemuel_oklob_altar,
          uniq_louise
Shoals:2: cheibrodos_shoals_roost, layout_shoals
Shoals:3: layout_shoals, serial_shops, nicolae_shop_trees, shop_statue, shop,
          uniq_polyphemus, uniq_nikola
Shoals:4: shoals_end_grunt_garden, layout_shoals
Spider:1: layout_spider_delve
Spider:2: spider_temple_joshua, uniq_agnes, uniq_asterion, uniq_arachne
Spider:3: gammafunk_sealed_arena, gammafunk_ghost_grave
Spider:4: grunt_spider_rune_parallel
Orc:1:    layout_caves, serial_shops, nicolae_shop_trees
Orc:2:    st_orc_town, layout_caves, minmay_orc_barracks, uniq_erolcha
Vaults:1: vaults_room_octagon, v_misc_25, v_alt_pattern_5,
          grunt_vaults_hallway_long, vaults_room_corners,
          nicolae_vaults_little_squares_5, layout_vaults_omnigrid, serial_shops,
          shop_statue
Vaults:2: blue_anna_dwarven_crypt, nicolae_vaults_little_squares_1,
          vaults_dpeg_hooks, ontoclasm_vaults_chip, nicolae_vaults_statue_guard,
          ontoclasm_vaults_twist, nicolae_vaults_puzzle_piece,
          ontoclasm_vaults_tryst, grunt_vaults_bifocal, v_misc_14, v_misc_2,
          ontoclasm_vaults_claustrophobia, ontoclasm_vaults_ring_square,
          vaults_room_pools, layout_vaults_big_cross, serial_shops, shop,
          uniq_xtahua
Vaults:3: st_lines, hangedman_vaults_slice, vaults_room_stairs_pillars,
          vaults_room_door_ring, nicolae_vaults_circle_grid_b,
          nicolae_vaults_theta, v_rooms_4, hangedman_vaults_nails,
          vaults_mumra_hex, layout_vaults_chaotic_city, serial_shops,
          nicolae_shop_window_shopping, shop, nicolae_shop_waterfront, shop,
          shop
Vaults:4: v_misc_17, vaults_room_grid, nicolae_vaults_rhombus_7,
          vaults_room_pools, vaults_room_boxed, v_misc_10,
          vaults_dpeg_encased_lava, v_pattern_5, nicolae_vaults_alarming,
          ontoclasm_vaults_gateway, v_misc_26, layout_vaults_maze_bifur,
          serial_shops, shop, nicolae_trove_entry_free_sample
Vaults:5: uniq_jory, uniq_margery
Crypt:1:  statuecave_lemuel, layout_rooms, minmay_misc_feat_columns,
          small_statue_intersection, minivault_4, grunt_crypt_arrival_webbed
Crypt:2:  layout_catacombs
Crypt:3:  evilmike_haunted_forest
Tomb:1:   uniq_boris
Depths:1: minmay_the_grid_triangle_9x9_recursive_2
          [minmay_the_grid_triangle_9x9_prize_insulated,
          minmay_the_grid_triangle_9x9_intruding_spiral,
          minmay_the_grid_triangle_9x9_corrupted_corridor,
          minmay_the_grid_triangle_9x9_limited_checkers], layout_cross,
          hell_entry, abyss_entry_glasseish, serial_rivers,
          chequers_serial_rivers_small_a, chequers_serial_rivers_micro_b,
          chequers_serial_rivers_micro_c, chequers_serial_rivers_marsh,
          minmay_misc_feat_chi, minmay_misc_feat_pillars, drop_trap,
          minmay_misc_feat_room, minmay_misc_feat_five,
          hangedman_abyss_or_decor_slice, minmay_door_square,
          serial_bayou_pond_b, wad_dig_loot, uniq_saint_roka
Depths:2: evilmike_wizard_prison, layout_honeycomb, hell_entry,
          chequers_serial_rivers_micro_c, bh_walls_and_bars, firewood_loft,
          minmay_shoptagon, infiniplex_staircase_squiggle, grunt_megastairs_3,
          uniq_aizul
Depths:3: hangedman_spin_cycle, hell_entry, pan_entry
Depths:4: minmay_bubble_buster, layout_honeycomb, kennysheep_cluttered_room,
          abyss_entry_crystal, hell_entry, minivault_12, minmay_shop_grove
Depths:5: grunt_twist_and_shout, layout_gridlike, enter_ziggurat_f,
          minmay_misc_feat_enclosed, pf_coc_iceberg, rand_demon_pan_entry_8,
          gammafunk_ghost_cemetery, kennysheep_random_hallway

Skill      XL: |  1  2  3  4  5  6  7  8  9 10 11 12 13 14 15 16 17 18 19 20 21 22 23 24 25 26 |
---------------+-------------------------------------------------------------------------------+-----
Fighting       | 4 5 6 7 8 9 10 12 13 14 15 16 17 18 19 20 21 22 23 | 23.1
Dodging        | 1 2 3 4 |  4.6
Long Blades    | 3 4 5 6 7 10 11 13 14 16 17 18 19 20 21 22 23 24 | 24.9
Armour         | 4 5 6 8 9 10 11 12 13 14 15 16 17 19 20 | 20.0
Shields        | 4 5 6 7 9 10 12 13 14 15 17 18 19 20 21 23 24 25 26 27 | 27.0
Throwing       | 1 2 3 4 5 6 7 8 11 12 13 | 13.1
Invocations    | 1 3 4 5 7 8 9 10 11 12 13 14 15 16 17 | 17.0
Evocations     | 1 |  1.4

Action                   |  1- 3 |  4- 6 |  7- 9 | 10-12 | 13-15 | 16-18 | 19-21 | 22-24 | 25-27 || total
-------------------------+-------+-------+-------+-------+-------+-------+-------+-------+-------++-------
Melee: Long sword        |    95 |   151 |   267 |       |       |       |       |       |       ||   513
       Headbutt          |    11 |    35 |    61 |   111 |   191 |   228 |   195 |   511 |   192 ||  1535
       Scimitar          |       |       |    61 |   364 |       |       |       |       |       ||   425
       Double sword      |       |       |       |   106 |   755 |  1011 |   725 |    50 |       ||  2647
       Eudemon blade     |       |       |       |       |       |       |       |  1413 |   507 ||  1920
Throw: Stone             |    21 |    14 |    30 |       |       |       |       |       |       ||    65
       Boomerang         |       |       |     6 |    35 |    72 |    63 |    59 |   280 |    15 ||   530
       Dart              |       |       |       |    15 |       |       |       |       |       ||    15
       Javelin           |       |       |       |     9 |     1 |       |       |       |    51 ||    61
Invok: Divine Shield     |       |       |     2 |     5 |       |     3 |     3 |     4 |     3 ||    20
       Summon Divine War |       |       |       |       |     1 |     3 |     3 |     4 |     5 ||    16
       Cleansing Flame   |       |       |       |       |     1 |     5 |    12 |     9 |     7 ||    34
       Brand Weapon With |       |       |       |       |       |       |       |     1 |       ||     1
Evoke: Wand              |       |       |       |     3 |     7 |       |       |     2 |     1 ||    13
  Use: Scroll            |     2 |     6 |    16 |     8 |    11 |     5 |     6 |    20 |     3 ||    77
       Potion            |       |       |       |     2 |       |     4 |    10 |     9 |     2 ||    27
Armor: Scale mail        |    54 |    40 |       |       |       |       |       |       |       ||    94
       Chain mail        |       |    22 |    61 |       |       |       |       |       |       ||    83
       Plate armour      |       |       |    81 |     7 |       |       |       |       |       ||    88
       Crystal plate arm |       |       |       |    77 |   316 |   450 |   225 |    15 |       ||  1083
       Gold dragon scale |       |       |       |       |       |       |       |   279 |   168 ||   447
Dodge: Dodged            |    42 |    50 |    77 |    27 |    61 |   127 |    74 |   133 |    76 ||   667
Block: Kite shield       |    63 |    85 |   149 |       |       |       |       |       |       ||   297
       Tower shield      |       |       |    28 |   381 |   689 |  1272 |   941 |  1539 |   666 ||  5516
       Reflection        |       |       |       |       |       |    17 |    97 |   144 |    25 ||   283
       Rpst.: Long sword |    17 |    15 |    20 |       |       |       |       |       |       ||    52
       Scimitar          |       |       |     4 |     8 |       |       |       |       |       ||    12
       Double sword      |       |       |       |     1 |    14 |    22 |    14 |       |       ||    51
       Eudemon blade     |       |       |       |       |       |       |       |    20 |    10 ||    30
